 Dungeon Crawl Stone Soup version 0.31-a0-155-gb63f529262 (webtiles) character file.

Game seed: 8404875743969652588

3221306 NoAnimeNoLife the Crack Shot (level 24, 158/158 HPs)
             Began as a Meteoran Hunter on June 12, 2023.
             Was the Champion of Okawaru.
             Escaped with the Orb
             ... and 3 runes!
             The game lasted 01:16:20 (21823 turns).

NoAnimeNoLife the Crack Shot (Meteoran Hunter)     Turns: 21823, Time: 01:16:20

Health: 158/158    AC: 32    Str: 16    XL:     24   Next: 77%
Magic:  34/34      EV: 44    Int:  6    God:    Okawaru [******]
Gold:   3438       SH:  0    Dex: 47    Spells: 23/23 levels left

rFire   . . .        T - +3 triple crossbow of Dried Tears {penet, rElec Int-4 Dex+3}
rCold   . . .        (shield currently unavailable)
rNeg    + + .        A - +3 ring mail of the Trombone {rPois Str+2 Int-2 Dex+3}
rPois   +            E - +1 hat of the Comet {Rampage Drain rF- Dex+9}
rElec   +            F - +4 cloak of Conscience {rPois}
rCorr   .            S - +3 pair of gloves "Docs" {rN++ Dex+3 Slay-2}
SInv    .            C - +0 pair of boots of Juysiz {Regen+}
Will    +++..        e - amulet of faith
Stlth   +            o - +4 ring of protection
HPRegen 1.26/turn    l - ring of protection from fire
MPRegen 0.24/turn

%: rampage, faith
@: glowing
A: sense surroundings 3, otherworldly, glowing, explore regen, horns 2,
iridescent scales 1
0: Orb of Zot
}: 3/15 runes: decaying, serpentine, slimy
a: Renounce Religion, Heroism, Finesse, Duel


You escaped.
You worshipped Okawaru.
Okawaru was exalted by your worship.
You visited 8 branches of the dungeon, and saw 44 of its levels.
You also visited: Gauntlet.

You collected 5145 gold pieces.
You spent 1707 gold pieces at shops.

Inventory:

Hand Weapons
 T - the +3 triple crossbow of Dried Tears (weapon) {penet, rElec Int-4 Dex+3}
   (Okawaru gifted it to you on level 2 of the Snake Pit)

   Int:       It affects your intelligence (-4).
   Dex:       It affects your dexterity (+3).
   rElec:     It insulates you from electricity.
Armour
 n - the +7 chain mail of Ymirac {Will+}
   (You found it on level 5 of the Dungeon)

   Will:      It increases your willpower.
 A - the +3 ring mail of the Trombone (worn) {rPois Str+2 Int-2 Dex+3}
   (Okawaru gifted it to you on level 10 of the Dungeon)

   Str:       It affects your strength (+2).
   Int:       It affects your intelligence (-2).
   Dex:       It affects your dexterity (+3).
   rPois:     It protects you from poison.
 C - the +0 pair of boots of Juysiz (worn) {Regen+}
   (Okawaru gifted it to you on level 11 of the Dungeon)

   Regen:     It increases your rate of health regeneration.
 E - the +1 hat of the Comet (worn) {Rampage Drain rF- Dex+9}
   (You found it in a Gauntlet)

   Dex:       It affects your dexterity (+9).
   rF:        It makes you vulnerable to fire.
   Drain:     It drains your maximum health when unequipped.
   Rampage:   It bestows one free step when moving towards enemies.
 F - the +4 cloak of Conscience (worn) {rPois}
   (Okawaru gifted it to you in a Gauntlet)

   rPois:     It protects you from poison.
 S - the +3 pair of gloves "Docs" (worn) {rN++ Dex+3 Slay-2}
   (You found it on level 3 of the Swamp)

   Dex:       It affects your dexterity (+3).
   Slay:      It affects your accuracy & damage with ranged weapons and melee
   (-2).
   rN:        It greatly protects you from negative energy.
Jewellery
 a - a ring of willpower
 d - a +5 ring of evasion
 e - an amulet of faith (around neck)
 l - a ring of protection from fire (right hand)
 o - a +4 ring of protection (left hand)
 t - a ring of fire
 w - a ring of flight
 x - a +4 ring of protection
 z - the ring "Saotooj" {rElec rCorr Str+6 Int-2}
   (You found it on level 3 of the Swamp)

   [ring of strength]

   Str:       It affects your strength (+6).
   Int:       It affects your intelligence (-2).
   rElec:     It insulates you from electricity.
   rCorr:     It protects you from acid and corrosion.
 D - an amulet of reflection
Wands
 g - a wand of flame (122)
 h - a wand of polymorph (26)
 I - a wand of iceblast (15)
 K - a wand of quicksilver (13)
 R - a wand of digging (3)
Scrolls
 b - a scroll of silence
 c - a scroll of brand weapon
 i - 2 scrolls of enchant weapon
 m - a scroll of poison
 s - 4 scrolls of identify
 v - 4 scrolls of amnesia
 y - 4 scrolls of fog
 H - 2 scrolls of enchant armour
 P - 3 scrolls of noise
Potions
 f - a potion of enlightenment
 j - a potion of attraction
 k - a potion of cancellation
 r - 3 potions of heal wounds
 u - 5 potions of might
 B - a potion of magic
 G - 5 potions of curing
 J - 4 potions of mutation
 N - 2 potions of brilliance
 X - a potion of resistance
 Z - 2 potions of berserk rage


   Skills:
 - Level 20.6 Fighting
 - Level 25.5 Ranged Weapons
 + Level 21.0 Armour
 + Level 20.7 Dodging
 - Level 1.0 Stealth
 - Level 13.9 Invocations
 - Level 11.1 Evocations


You had 23 spell levels left.
You didn't know any spells.
Your spell library contained the following spells:

 Spells                   Type           Power      Damage    Failure   Level
 Apportation              Tloc           0%         N/A       56%         1
 Beastly Appendage        Tmut           0%         N/A       56%         1
 Magic Dart               Conj           0%         1d3       56%         1
 Sandblast                Erth           0%         2d4       56%         1
 Shock                    Conj/Air       0%         1d3       56%         1
 Sting                    Tmut/Pois      0%         1d3       56%         1
 Ensorcelled Hibernation  Hex/Ice        0%         N/A       71%         2
 Passwall                 Tmut/Erth      0%         N/A       71%         2
 Sublimation of Blood     Necr           0%         N/A       71%         2
 Wereblood                Tmut           0%         N/A       71%         2
 Ignite Poison            Fire/Tmut/Pois 0%         N/A       91%         3
 Mephitic Cloud           Conj/Pois/Air  0%         N/A       91%         3
 Portal Projectile        Hex/Tloc       0%         N/A       91%         3
 Spider Form              Tmut/Pois      0%         N/A       91%         3
 Stone Arrow              Conj/Erth      0%         3d7       91%         3
 Swiftness                Air            0%         N/A       91%         3
 Teleport Other           Tloc           0%         N/A       91%         3
 Vhi's Electric Charge    Tloc/Air       0%         N/A       91%         3
 Volatile Blastmotes      Fire/Tloc      0%         2d10      91%         3
 Airstrike                Air            0%         2d(0-16)  100%        4
 Anguish                  Hex/Necr       0%         N/A       100%        4
 Cause Fear               Hex            0%         N/A       100%        4
 Fulminant Prism          Conj/Hex       0%         3d5       100%        4
 Ice Form                 Ice/Tmut       0%         N/A       100%        4
 Iskenderun's Mystic Bla  Conj/Tloc      0%         2d3       100%        4
 Leda's Liquefaction      Hex/Erth       0%         N/A       100%        4
 Petrify                  Tmut/Erth      0%         N/A       100%        4
 Alistair's Intoxication  Tmut/Pois      0%         N/A       100%        5
 Arcjolt                  Conj/Air       0%         1d10      100%        5
 Blade Hands              Tmut           0%         N/A       100%        5
 Fireball                 Conj/Fire      0%         3d3       100%        5
 Irradiate                Conj/Tmut      0%         3d11      100%        5
 Lee's Rapid Deconstruct  Erth           0%         3d4*      100%        5
 Leda's Unmaking          Conj/Erth      0%         9d1       100%        6
 Statue Form              Tmut/Erth      0%         N/A       100%        6
 Dragon Form              Tmut           0%         N/A       100%        7
 Ozocubu's Refrigeration  Ice            0%         4d7       100%        7
 Ignition                 Fire           0%         3d3       100%        8
 Maxwell's Capacitive Co  Air            0%         ∞         100%        8
 Polar Vortex             Ice            0%         N/A       100%        9
 Shatter                  Erth           0%         3d5*      100%        9
 Call Imp                 Summ           Unusable   N/A       N/A         2
 Tukima's Dance           Hex            Unusable   N/A       N/A         3
 Summon Ice Beast         Ice/Summ       Unusable   N/A       N/A         4
 Simulacrum               Ice/Necr       Unusable   N/A       N/A         6
 Dragon's Call            Summ           Unusable   N/A       N/A         9

Dungeon Overview and Level Annotations

Branches:
Dungeon (15/15)            Temple (0/1) D:7            Lair (5/5) D:10
  Swamp (4/4) Lair:3        Snake (4/4) Lair:3        Slime (5/5) Lair:4
    Orc (2/2) D:9             Elf (0/3) Orc:2        Vaults (0/5) D:13
 Depths (4/4) D:15            Zot (5/5) Depths:4    Gauntlet (visited)

Altars:
Ashenzari
Dithmenos
Gozag
Hepliaklqana
Kikubaaqudgha
Makhleb
Okawaru
Ru
Uskayaw
Xom
Yredelemnul
Jiyva

Shops:
D:1 (   D:5 (   D:8 *   Orc:2 (?:([   Snake:1 ((:

Portals:
Hell: Depths:1 Depths:4
Abyss: Depths:4
Pandemonium: Depths:1 Depths:2
Ziggurat: Depths:1

Annotations:
D:6 1 runed translucent door, RichitheSlayer's ghost, novice FoFi
Swamp:1 3 runed translucent doors, blade888's ghost, adept DsFE


Innate Abilities, Weirdness & Mutations

You passively map a large area around you.
You are easily found by Zot.
You glow in the dark.
You regain HP and MP as you explore.
You have a pair of horns on your head.
You are partially covered in iridescent scales. (AC +2)


Message History

You are too injured to fight recklessly!
Fire: T) +3 triple crossbow of Dried Tears {penet, rElec Int-4 Dex+3}
Press: ? - help, Q - select action, (/) - cycle Shift-Dir - straight line, f/p - Tzitzimitl
Aim: a Tzitzimitl (severely wounded, 71% to hit)
You shoot a bolt.
The bolt pierces through the Tzitzimitl!!
You kill the Tzitzimitl!
Okawaru accepts your kill.
Your Armour skill increases to level 21!
You feel much better.
You feel much better.
You feel much better.
(D) Dungeon (T) Temple (L) Lair (S) Swamp (P) Snake Pit (M) Slime Pits (O) Orcish Mines (E) Elven Halls (V) Vaults (U) Depths (H) Hell (Z) Zot
Where to? (Enter - D:1 @ (x,y), ? - help)
A Tzitzimitl comes into view.
You shoot a bolt.
The bolt pierces through the Tzitzimitl!!!
The Tzitzimitl is moderately wounded.
You shoot a bolt. The bolt closely misses the Tzitzimitl.
You shoot a bolt.
The bolt pierces through the Tzitzimitl!!!
The Tzitzimitl is severely wounded.
You shoot a bolt. The bolt misses the Tzitzimitl.
You shoot a bolt. The bolt misses the Tzitzimitl.
You shoot a bolt.
The bolt pierces through the Tzitzimitl.
The Tzitzimitl is severely wounded.
You shoot a bolt.
The bolt pierces through the Tzitzimitl!!!
You kill the Tzitzimitl!
Okawaru accepts your kill.
(D) Dungeon (T) Temple (L) Lair (S) Swamp (P) Snake Pit (M) Slime Pits (O) Orcish Mines (E) Elven Halls (V) Vaults (U) Depths (H) Hell (Z) Zot
Where to? (Enter - D:1 @ (x,y), ? - help) HP restored.
There is a staircase leading out of the dungeon here.
You have escaped!

* ##.#### ##.......##....# ##*
#.....# ##...#.##..####.##
...##..##.###...##..#...##...#
*#........##...###..#.#..###.#
#..#...###...## #....##..##..
####..#.....#..##
#.##.###..###
*......###..##...####.##.#
##..##
####.#.......#....#......#
##...
......####...##.@.#.####.#
##..
.............#....#......#
##...
######..#.#.##...####.#..#
##..## #####.......##..##
#.##.###..###
..........#.###..##
#.#..##..##
#####.....#...#...###..#.#..##
# ###.###...##...##..#...##
#######.......###...#.##..##
....)...#.....####.......##


There were no monsters in sight!

Vanquished Creatures
  the Royal Jelly (Slime:5)
  3 pandemonium lords
  2 dread liches (Zot:5)
  3 ancient liches
  An orb of fire (Zot:5)
  A Killer Klown (Zot:5)
  the Lernaean hydra (Swamp:4)
  Vashnia (Snake:2)
  Xtahua (Depths:4)
  A curse toe (Zot:4)
  A golden dragon (Depths:3)
  A bone dragon (Depths:1)
  2 Tzitzimimeh (D:1)
  A Brimstone Fiend (Depths:4)
  An Ice Fiend (D:15)
  2 electric golems
  A tentacled monstrosity (Depths:4)
  25 Orb Guardians
  2 liches
  A Hell Sentinel (Swamp:3)
  2 quicksilver dragons
  15 acid blobs
  3 death cobs
  2 shadow dragons
  4 storm dragons
  7 azure jellies
  Frances (Snake:1)
  2 nagarajas
  Roxanne (Swamp:2)
  A thorn hunter (Swamp:4)
  Donald (Orc:2)
  9 rockslimes (Slime:5)
  A draconian knight (Depths:4)
  4 fire giants
  5 frost giants
  A balrug (Depths:4)
  3 iron dragons
  An angel (Depths:1)
  Aizul (Snake:1)
  A draconian shifter (Zot:5)
  3 quicksilver oozes (Slime:5)
  2 reapers
  A cacodemon (Zot:5)
  A spriggan defender (Depths:3)
  A demonspawn blood saint (D:12)
  4 eleionomae
  6 stone giants
  2 green draconians (Zot:5)
  3 vampire knights (Depths:3)
  3 black draconians (Zot:5)
  A demonspawn black sun (D:12)
  2 white draconians
  2 purple draconians (Zot:5)
  4 bunyips
  2 dire elephants (Swamp:1)
  A minotaur (Gauntlet)
  A yellow draconian (Zot:5)
  2 red draconians (Zot:5)
  A blizzard demon (D:12)
  A shambling mangrove (Swamp:4)
  2 ettins
  A green death (D:7)
  2 fire dragons
  An entropy weaver (shapeshifter) (D:14)
  A rakshasa (Depths:3)
  4 vault guards (D:13)
  2 great orbs of eyes
  16 hydras
  2 catoblepae
  6 ice dragons
  2 hell beasts
  Erica (D:11)
  7 deep troll shamans
  2 ghost crabs
  6 ogre magi
  5 salamander tyrants
  16 anacondas
  5 boulder beetles
  2 death knights
  8 centaur warriors
  5 alligators
  32 two-headed ogres
  The ghost of caveywoolpert the Geomancer, a journeyman GrEE of Vehumet (D:10)
  5 tengu warriors
  14 naga warriors
  7 death yaks
  Urug (Orc:1)
  2 vampire magi
  9 naga sharpshooters
  10 deep troll earth magi
  7 shock serpents
  A hell hog (Depths:1)
  A spriggan berserker (Depths:3)
  16 spriggans
  4 sun demons (Depths:4)
  6 iron trolls
  A soul eater (D:4)
  15 hell knights
  2 fire crabs
  6 salamander mystics
  3 skeletal warriors
  A deep elf knight (Swamp:1)
  A sixfirhy (Depths:1)
  5 spriggan druids
  12 deep trolls
  11 swamp dragons
  A quicksilver dragon simulacrum (Depths:1)
  5 goliath frogs
  5 glowing orange brains
  A shadow demon (D:4)
  Lodul (D:13)
  2 sea snakes (Snake:2)
  A flayed ghost (Depths:3)
  14 bog bodies
  11 naga ritualists
  A wizard (Depths:2)
  2 lindwurms
  3 deep elf pyromancers
  18 mana vipers
  An orc knight (D:10)
  A deep elf archer (Swamp:1)
  10 ugly things
  2 necromancers (Depths:2)
  An oklob plant (Snake:3)
  4 shining eyes
  17 salamanders
  A wolf spider (D:15)
  8 cyclopes
  5 manticores
  A moth of wrath (shapeshifter) (Depths:4)
  5 will-o-the-wisps
  6 moths of wrath
  Maurice (Orc:2)
  18 elephants
  2 molten gargoyles (Gauntlet)
  A smoke demon (Depths:2)
  40 black mambas
  3 gargoyles
  13 naga magi
  11 guardian serpents
  An orange demon (Zot:5)
  A rust devil (Depths:2)
  2 torpor snails
  15 cane toads
  3 eyes of devastation
  A cane toad (shapeshifter) (D:13)
  An unseen horror (D:13)
  3 rime drakes (Lair:5)
  A kobold demonologist (D:11)
  3 freezing wraiths (D:15)
  A tormentor (D:12)
  7 komodo dragons
  A tengu conjurer (D:14)
  A polar bear (Lair:5)
  11 trolls
  A bloated husk (Swamp:3)
  3 hellwings
  A red devil (D:15)
  16 hornets
  2 polar bears (shapeshifter)
  15 blink frogs
  A tarantella (shapeshifter) (D:15)
  10 tyrant leeches
  A dream sheep (shapeshifter) (D:10)
  A large abomination (D:14)
  61 slime creatures
  A centaur simulacrum (D:14)
  2 fire bats (Gauntlet)
  A shadow (D:10)
  2 vampires
  5 wraiths
  24 yaks
  6 wyverns
  2 fire bats (shapeshifter)
  5 golden eyes
  A steam dragon (D:9)
  6 basilisks
  22 vampire mosquitoes
  A warg (Orc:2)
  25 nagas
  A hell hound (Swamp:1)
  13 swamp worms
  4 acid dragons
  16 water moccasins
  7 swamp drakes (Swamp:4)
  A floating eye (Depths:3)
  13 orc warriors
  4 black bears
  An ice beast (D:6)
  41 ogres
  3 boggarts (D:15)
  25 wolves
  16 centaurs
  A phantom (D:4)
  8 kobold brigands
  17 bullfrogs
  2 gnoll sergeants
  4 scorpions
  6 wights (D:8)
  10 killer bees
  2 howler monkeys
  3 electric eels
  A lava snake (D:13)
  4 jellies
  6 orc priests
  A sleepcap (D:5)
  6 iguanas
  12 orc wizards
  3 hell rats (Lair:1)
  9 gnolls
  12 adders
  4 river rats (Lair:1)
  A shadow imp (D:5)
  A white imp (D:5)
  3 worms (D:2)
  48 orcs
  7 endoplasms
  2 giant cockroaches (D:4)
  9 goblins
  7 hobgoblins
  4 jackals (D:3)
  24 kobolds
  3 quokkas
  4 ball pythons
  6 bats
  A frilled lizard (D:3)
  8 rats
1296 creatures vanquished.

Vanquished Creatures (others)
  An ancient lich (Zot:5)
  A swamp worm (Swamp:3)
  10 foxfires
12 creatures vanquished.

Grand Total: 1308 creatures vanquished

Notes
Turn   | Place    | Note
-------+----------+-------------------------------------------
     0 | D:1      | NoAnimeNoLife the Meteoran Hunter began the quest for the
                  | Orb.
     0 | D:1      | Reached XP level 1. HP: 17/17 MP: 2/2
   243 | D:1      | Reached skill level 1 in Stealth
   243 | D:1      | Reached XP level 2. HP: 2/25 MP: 3/3
   413 | D:1      | Found Gicafaew's Weapon Boutique.
   438 | D:1      | Reached XP level 3. HP: 30/30 MP: 4/4
   496 | D:1      | Glimpsed the power of Zot.
   694 | D:2      | Reached XP level 4. HP: 31/38 MP: 5/5
   832 | D:2      | Reached skill level 5 in Ranged Weapons
  1078 | D:2      | Glimpsed the power of Zot.
  1247 | D:3      | Reached skill level 1 in Armour
  1247 | D:3      | Reached XP level 5. HP: 44/45 MP: 6/6
  1434 | D:3      | Reached XP level 6. HP: 51/51 MP: 7/7
  1451 | D:3      | Reached skill level 6 in Ranged Weapons
  1659 | D:3      | Glimpsed the power of Zot.
  1714 | D:4      | Noticed a black bear
  1746 | D:3      | Reached XP level 7. HP: 11/57 MP: 8/8
  2134 | D:4      | Reached skill level 7 in Ranged Weapons
  2134 | D:4      | Reached skill level 5 in Armour
  2223 | D:5      | Entered Level 5 of the Dungeon
  2290 | D:5      | Found Rasat's Antique Weapon Emporium.
  2366 | D:5      | Reached XP level 8. HP: 49/63 MP: 9/9
  2377 | D:5      | Identified the +7 chain mail of Ymirac {Will+}
  2458 | D:5      | Found a broken altar of Ashenzari.
  2745 | D:6      | Found a runed translucent door.
  2749 | D:6      | Noticed RichitheSlayer's ghost (novice FoFi)
  2805 | D:5      | Bought a glowing arbalest for 210 gold pieces
  2836 | D:6      | Reached skill level 8 in Ranged Weapons
  2977 | D:6      | Found an opulent altar of Gozag.
  2979 | D:6      | Found a sacrificial altar of Ru.
  3248 | D:6      | Found an iron altar of Okawaru.
  3257 | D:6      | Became a worshipper of Warmaster Okawaru
  3422 | D:6      | Glimpsed the power of Zot.
  3457 | D:7      | Gained mutation: You passively map the area around you.
                  | [Meteoran growth]
  3457 | D:7      | Reached XP level 9. HP: 52/70 MP: 10/10
  3545 | D:7      | Found a staircase to the Ecumenical Temple.
  3564 | D:7      | Reached skill level 9 in Ranged Weapons
  3694 | D:7      | Reached * piety under Okawaru
  3837 | D:8      | Reached skill level 10 in Ranged Weapons
  3853 | D:8      | Found Puim's Demolitions Depot.
  3880 | D:8      | Reached ** piety under Okawaru
  3953 | D:8      | Reached XP level 10. HP: 61/77 MP: 11/11
  3981 | D:8      | Reached skill level 10 in Armour
  4013 | D:8      | Identified the +0 robe of Yffi {+Inv Regen+ Dex+3}
  4266 | D:9      | Reached skill level 11 in Ranged Weapons
  4517 | D:9      | Found a staircase to the Orcish Mines.
  4523 | D:9      | Reached *** piety under Okawaru
  4524 | D:9      | Reached skill level 12 in Ranged Weapons
  4602 | D:9      | Found a shadowy altar of Dithmenos.
  4640 | D:9      | Noticed a two-headed ogre
  4645 | D:9      | Killed a two-headed ogre
  4646 | D:9      | Reached XP level 11. HP: 68/82 MP: 12/12
  4667 | D:9      | Reached **** piety under Okawaru
  4696 | D:9      | Noticed a two-headed ogre
  4703 | D:9      | Killed a two-headed ogre
  4704 | D:9      | Reached skill level 13 in Ranged Weapons
  4738 | D:9      | Reached ***** piety under Okawaru
  4812 | D:10     | Entered Level 10 of the Dungeon
  4833 | D:10     | Reached skill level 14 in Ranged Weapons
  4913 | D:10     | Found an ancient bone altar of Kikubaaqudgha.
  4947 | D:10     | Found a staircase to the Lair.
  5027 | D:10     | Noticed a centaur warrior
  5030 | D:10     | Noticed a manticore
  5030 | D:10     | Noticed an ogre mage
  5030 | D:10     | Noticed an orc knight
  5031 | D:10     | Noticed a harpy
  5031 | D:10     | Noticed a guardian serpent
  5040 | D:10     | Noticed a centaur warrior
  5040 | D:10     | Noticed a death knight
  5065 | D:10     | Reached skill level 1 in Invocations
  5272 | D:10     | Found a runed translucent door.
  5272 | D:10     | Noticed caveywoolpert's ghost (journeyman GrEE)
  5310 | D:10     | Killed caveywoolpert's ghost
  5336 | D:10     | Identified the +3 ring mail of the Trombone {rPois Str+2
                  | Int-2 Dex+3} (Okawaru gifted it to you on level 10 of the
                  | Dungeon)
  5336 | D:10     | Received a gift from Okawaru
  5707 | D:11     | Noticed a cyclops
  5710 | D:11     | Killed a cyclops
  5711 | D:11     | Reached skill level 5 in Invocations
  5740 | D:11     | Noticed a cyclops
  5743 | D:11     | Killed a cyclops
  5744 | D:11     | Reached XP level 12. HP: 89/89 MP: 15/17
  5744 | D:11     | Noticed Erica
  5753 | D:11     | Killed Erica
  5823 | D:11     | Noticed a two-headed ogre
  5832 | D:11     | Killed a two-headed ogre
  5833 | D:11     | Reached skill level 15 in Ranged Weapons
  5866 | D:11     | Noticed a two-headed ogre
  5866 | D:11     | Noticed a two-headed ogre
  5869 | D:11     | Killed a two-headed ogre
  5869 | D:11     | Noticed a two-headed ogre
  5874 | D:11     | Killed a two-headed ogre
  5875 | D:11     | Killed a two-headed ogre
  5875 | D:11     | Reached ****** piety under Okawaru
  5875 | D:11     | Identified the +0 pair of boots of Juysiz {Regen+} (Okawaru
                  | gifted it to you on level 11 of the Dungeon)
  5875 | D:11     | Received a gift from Okawaru
  5893 | D:11     | Noticed a two-headed ogre
  5896 | D:11     | Killed a two-headed ogre
  5998 | D:11     | Noticed a skeletal warrior
  6009 | D:11     | Killed a skeletal warrior
  6010 | D:11     | Reached skill level 16 in Ranged Weapons
  6025 | D:11     | Noticed a boulder beetle
  6036 | D:11     | Noticed a boulder beetle
  6042 | D:11     | Killed a boulder beetle
  6043 | D:11     | Reached skill level 10 in Invocations
  6049 | D:11     | Reached XP level 13. HP: 76/94 MP: 21/21
  6056 | D:11     | Killed a boulder beetle
  6093 | D:11     | Identified the +1 leather armour of the Gloaming {Regen+
                  | Stlth+}
  6111 | D:11     | Noticed a two-headed ogre
  6119 | D:11     | Killed a two-headed ogre
  6149 | D:11     | Noticed a two-headed ogre
  6154 | D:11     | Killed a two-headed ogre
  6165 | D:11     | Received a gift from Okawaru
  6173 | D:11     | Noticed a two-headed ogre
  6174 | D:11     | Noticed a two-headed ogre
  6174 | D:11     | Identified the +1 halberd "Gisikom" {venom, Str+3}
  6174 | D:11     | Noticed an ogre mage
  6179 | D:11     | Killed a two-headed ogre
  6180 | D:11     | Reached skill level 17 in Ranged Weapons
  6188 | D:11     | Killed a two-headed ogre
  6202 | D:11     | Paralysed by something for 2 turns
  6210 | D:11     | Killed an ogre mage
  6246 | D:11     | Noticed a two-headed ogre
  6248 | D:11     | Killed a two-headed ogre
  6250 | D:11     | Identified the +4 ring mail of Past Mistakes {rN+ Int+3
                  | Stlth+} (Okawaru gifted it to you on level 11 of the
                  | Dungeon)
  6250 | D:11     | Received a gift from Okawaru
  6267 | D:11     | Noticed a two-headed ogre
  6267 | D:11     | Noticed a centaur warrior
  6269 | D:11     | Killed a two-headed ogre
  6276 | D:11     | Killed a centaur warrior
  6294 | D:11     | Glimpsed the power of Zot.
  6368 | D:12     | Noticed a two-headed ogre
  6378 | D:12     | Killed a two-headed ogre
  6388 | D:12     | Reached XP level 14. HP: 86/102 MP: 25/25
  6393 | D:12     | Reached skill level 18 in Ranged Weapons
  6624 | D:12     | Identified the +1 spear of Feral Expedience {heavy, rC-
                  | Str+5}
  6888 | Lair:1   | Entered Level 1 of the Lair of Beasts
  7269 | Lair:1   | Reached skill level 5 in Fighting
  7334 | Lair:1   | Identified the +7 hand crossbow of Mastery {heavy, Fragile
                  | +Blink rCorr Str+2} (Okawaru gifted it to you on level 1 of
                  | the Lair of Beasts)
  7334 | Lair:1   | Received a gift from Okawaru
  7335 | Lair:1   | Reached skill level 5 in Dodging
  7380 | Lair:1   | Glimpsed the power of Zot.
  7424 | Lair:2   | Found a gate leading to a gauntlet.
  7433 | Gauntlet | Entered a Gauntlet
  7433 | Gauntlet | Found a large runed translucent door.
  7433 | Gauntlet | Found a large runed translucent door.
  7433 | Gauntlet | Found a large runed translucent door.
  7433 | Gauntlet | Found a large runed translucent door.
  7433 | Gauntlet | Found a runed translucent door.
  7433 | Gauntlet | Found a large runed translucent door.
  7433 | Gauntlet | Found a large runed translucent door.
  7433 | Gauntlet | Found a transporter.
  7433 | Gauntlet | Found a transporter.
  7433 | Gauntlet | Found a large runed translucent door.
  7433 | Gauntlet | Found a large runed translucent door.
  7433 | Gauntlet | Found a runed translucent gate.
  7433 | Gauntlet | Found a runed translucent gate.
  7433 | Gauntlet | Found a transporter.
  7433 | Gauntlet | Found a transporter.
  7453 | Gauntlet | Found a transporter.
  7463 | Gauntlet | Found a transporter.
  7467 | Gauntlet | Found a transporter.
  7477 | Gauntlet | Found a transporter.
  7498 | Gauntlet | Found a transporter.
  7515 | Gauntlet | Found a transporter.
  7519 | Gauntlet | Found a transporter.
  7529 | Gauntlet | Found a transporter.
  7535 | Gauntlet | Found a runed translucent gate.
  7536 | Gauntlet | Found a large runed translucent door.
  7536 | Gauntlet | Found a large runed translucent door.
  7537 | Gauntlet | Found a large runed translucent door.
  7538 | Gauntlet | Found a large runed translucent door.
  7539 | Gauntlet | Found a large runed translucent door.
  7539 | Gauntlet | Found a large runed translucent door.
  7539 | Gauntlet | Found a runed translucent door.
  7540 | Gauntlet | Found a large runed translucent door.
  7541 | Gauntlet | Found a large runed translucent door.
  7668 | Gauntlet | Identified the +4 cloak of Conscience {rPois} (Okawaru
                  | gifted it to you in a Gauntlet)
  7668 | Gauntlet | Received a gift from Okawaru
  7674 | Gauntlet | Identified the +1 hat of the Comet {Rampage Drain rF-
                  | Dex+9}
  7732 | Gauntlet | Noticed a minotaur
  7737 | Gauntlet | Killed a minotaur
  7742 | Gauntlet | Got the Volume of Wanderlust and the Snowflakes
  8001 | Lair:2   | Reached XP level 15. HP: 118/118 MP: 26/26
  8551 | Lair:3   | Found a staircase to the Snake Pit.
  8589 | Lair:3   | Found a staircase to the Swamp.
  8868 | Lair:3   | Received a gift from Okawaru
  8881 | Lair:3   | Glimpsed the power of Zot.
  8956 | Lair:4   | Found a viscous altar of Jiyva.
  8957 | Lair:4   | Found a runed translucent door.
  8959 | Lair:4   | Found a staircase to the Slime Pits.
  9266 | Lair:4   | Identified the +4 plate armour "Moatuh" {+Inv} (Okawaru
                  | gifted it to you on level 4 of the Lair of Beasts)
  9266 | Lair:4   | Received a gift from Okawaru
  9267 | Lair:4   | Reached skill level 15 in Armour
  9475 | Lair:4   | Glimpsed the power of Zot.
  9494 | Lair:5   | Entered Level 5 of the Lair of Beasts
  9628 | Lair:5   | Reached skill level 10 in Dodging
  9792 | Lair:5   | Reached skill level 10 in Fighting
  9792 | Lair:5   | Reached skill level 1 in Evocations
  9830 | Lair:5   | Reached XP level 16. HP: 134/134 MP: 27/27
  9992 | Swamp:1  | Entered Level 1 of the Swamp
 10220 | Swamp:1  | Identified the +0 trident of the Ageing Whale {heavy, rElec
                  | Dex+4}
 10280 | Swamp:1  | Received a gift from Okawaru
 10394 | Swamp:1  | Found a runed translucent gate.
 10394 | Swamp:1  | Found a runed translucent gate.
 10394 | Swamp:1  | Found a runed translucent gate.
 10395 | Swamp:1  | Noticed blade888's ghost (adept DsFE)
 10537 | Swamp:2  | Reached skill level 5 in Evocations
 10576 | Swamp:2  | Identified the +2 chain mail of the Ward {rC- rCorr Int+3}
 10642 | Swamp:2  | Received a gift from Okawaru
 10672 | Swamp:2  | Identified Roxanne's Notes on the Xenotype
 10672 | Swamp:2  | Noticed Roxanne
 10685 | Swamp:2  | Killed Roxanne
 10794 | Swamp:2  | HP: 6/138 [acid (6)]
 10888 | Swamp:2  | Received a gift from Okawaru
 10942 | Swamp:3  | Found a transporter.
 11006 | Swamp:3  | Found a transporter.
 11092 | Swamp:3  | Reached XP level 17. HP: 145/146 MP: 28/28
 11280 | Swamp:4  | Entered Level 4 of the Swamp
 11283 | Swamp:4  | Received a gift from Okawaru
 11411 | Arena    | Entered the Arena
 11434 | Swamp:4  | Received a gift from Okawaru
 11475 | Swamp:4  | Identified the +1 orcbow "Pendulum" {antimagic, Fragile
                  | Dex+6 Stlth+} (Okawaru gifted it to you on level 4 of the
                  | Swamp)
 11475 | Swamp:4  | Received a gift from Okawaru
 11566 | Swamp:4  | Noticed the 27-headed Lernaean hydra
 11577 | Swamp:4  | Killed the 27-headed Lernaean hydra
 11598 | Swamp:4  | Reached skill level 10 in Evocations
 11601 | Swamp:4  | Identified the +6 longbow of Victory {antimagic, rElec
                  | SInv} (Okawaru gifted it to you on level 4 of the Swamp)
 11601 | Swamp:4  | Received a gift from Okawaru
 11611 | Swamp:4  | Got a decaying rune of Zot
 11687 | Swamp:4  | Noticed a thorn hunter
 11691 | Swamp:4  | Killed a thorn hunter
 11698 | Swamp:4  | Gained mutation: You passively map a large area around you.
                  | [Meteoran growth]
 11698 | Swamp:4  | Reached XP level 18. HP: 158/158 MP: 29/29
 11862 | Swamp:3  | Noticed a Hell Sentinel
 11879 | Swamp:3  | Killed a Hell Sentinel
 11881 | Swamp:3  | Identified the +3 pair of gloves "Docs" {rN++ Dex+3 Slay-2}
 11883 | Swamp:3  | Identified the ring "Saotooj" {rElec rCorr Str+6 Int-2}
 11985 | Snake:1  | Entered Level 1 of the Snake Pit
 12078 | Snake:1  | Found a hazy altar of Hepliaklqana.
 12116 | Snake:1  | Noticed Frances
 12127 | Snake:1  | Killed Frances
 12132 | Snake:1  | Received a gift from Okawaru
 12177 | Snake:1  | Found Igocimny's Antique Weapon Emporium.
 12178 | Snake:1  | Found Lihogh's Weapon Shop.
 12270 | Snake:1  | Reached skill level 15 in Dodging
 12367 | Snake:1  | Found Xedeagh's Book Emporium.
 12370 | Snake:1  | Bought a manual of Fighting for 1280 gold pieces
 12413 | Snake:2  | Noticed Aizul
 12430 | Snake:1  | Killed Aizul
 12442 | Snake:1  | Reached skill level 15 in Fighting
 12507 | Snake:2  | Noticed Vashnia
 12523 | Snake:2  | Killed Vashnia
 12923 | Snake:2  | Identified the +3 triple crossbow of Dried Tears {penet,
                  | rElec Int-4 Dex+3} (Okawaru gifted it to you on level 2 of
                  | the Snake Pit)
 12923 | Snake:2  | Received a gift from Okawaru
 13136 | Snake:3  | Reached XP level 19. HP: 179/179 MP: 30/30
 13172 | Snake:3  | Found a basalt altar of Yredelemnul.
 13201 | Snake:3  | Found a shimmering altar of Xom.
 13446 | Snake:4  | Entered Level 4 of the Snake Pit
 13492 | Snake:4  | Reached skill level 19 in Ranged Weapons
 13542 | Snake:4  | Received a gift from Okawaru
 13681 | Snake:4  | Reached skill level 20 in Ranged Weapons
 13776 | Snake:4  | Received a gift from Okawaru
 13984 | Snake:4  | Identified the +2 pair of gloves of Boluyjei {Str+3}
                  | (Okawaru gifted it to you on level 4 of the Snake Pit)
 13984 | Snake:4  | Received a gift from Okawaru
 14048 | Snake:4  | Reached skill level 21 in Ranged Weapons
 14054 | Arena    | Entered the Arena
 14099 | Snake:4  | Got a serpentine rune of Zot
 14141 | Snake:4  | Reached XP level 20. HP: 163/188 MP: 31/31
 14235 | Snake:4  | Glimpsed the power of Zot.
 14283 | Snake:2  | Glimpsed the power of Zot.
 14362 | Lair:4   | Glimpsed the power of Zot.
 14379 | Slime:1  | Entered Level 1 of the Pits of Slime
 14432 | Arena    | Entered the Arena
 14472 | Slime:5  | Entered Level 5 of the Pits of Slime
 14475 | Slime:5  | Identified a scroll of acquirement
 14476 | Slime:5  | Acquired 770 gold pieces
 14511 | Slime:5  | Reached skill level 22 in Ranged Weapons
 14511 | Slime:5  | Noticed the Royal Jelly
 14521 | Slime:5  | Killed the Royal Jelly
 14521 | Slime:5  | Received a gift from Okawaru
 14565 | Slime:5  | Gained mutation: Armour fits poorly on your strangely
                  | shaped body. [a shining eye]
 14577 | Slime:5  | Gained mutation: You are dopey. (Int -2) [a shining eye]
 14579 | Slime:5  | Lost mutation: You are dopey. (Int -2) [potion of mutation]
 14579 | Slime:5  | Lost mutation: Armour fits poorly on your strangely shaped
                  | body. [potion of mutation]
 14579 | Slime:5  | Gained mutation: You are partially covered in iridescent
                  | scales. (AC +2) [potion of mutation]
 14579 | Slime:5  | Gained mutation: You have a pair of small horns on your
                  | head. [potion of mutation]
 14608 | Slime:5  | Got the Guidebook on Niveous Geology
 14632 | Slime:5  | Identified the +11 longbow of Resourcefulness {drain,
                  | *Corrode Str+4 Stlth+}
 14666 | Slime:5  | Identified the +4 flail "Qeashroth" {heavy, Str+5}
 14669 | Slime:5  | Identified the staff of cold "Itood" {rElec rC+ Int+2
                  | Dex+3}
 14681 | Slime:5  | Identified the +0 dagger "Paakeg" {holy, Int+3}
 14716 | Slime:5  | Got a slimy rune of Zot
 14719 | Slime:5  | Identified the +4 scimitar "Ucomewk" {drain, Str+3 Dex+3}
 14726 | Slime:5  | Got Sif Muna's Vellum of the Ground and Immolation
 14790 | Slime:5  | Gained mutation: You have a pair of horns on your head. [a
                  | shining eye]
 14819 | Slime:5  | Received a gift from Okawaru
 15161 | Slime:3  | Reached skill level 23 in Ranged Weapons
 15219 | Lair:4   | Glimpsed the power of Zot.
 15258 | Lair:1   | Glimpsed the power of Zot.
 15268 | Lair:1   | Touched by the power of Zot (MHP 188 -> 154)
 15296 | D:10     | Glimpsed the power of Zot.
 15332 | D:10     | Identified the staff of poison "Rybai" {rPois rF- rN+
                  | Str+2}
 15343 | D:10     | Glimpsed the power of Zot.
 15383 | D:9      | Glimpsed the power of Zot.
 15392 | D:9      | Touched by the power of Zot (MHP 150 -> 122)
 15398 | Orc:1    | Entered Level 1 of the Orcish Mines
 15426 | Orc:1    | Noticed Urug
 15430 | Orc:1    | Killed Urug
 15544 | Orc:2    | Entered Level 2 of the Orcish Mines
 15544 | Orc:2    | Found a staircase to the Elven Halls.
 15611 | Orc:2    | Found a shimmering altar of Xom.
 15627 | Orc:2    | Found a transporter.
 15630 | Orc:2    | Found Hic Sur's Antique Weapon Boutique.
 15765 | Orc:2    | Noticed Maurice
 15771 | Orc:2    | Noticed Donald
 15776 | Orc:2    | Killed Donald
 15780 | Orc:2    | Killed Maurice
 15806 | Orc:2    | Reached XP level 21. HP: 127/127 MP: 32/32
 15832 | Orc:2    | Found a transporter.
 16064 | Orc:2    | Found Vucalemo's Antique Weapon Shop.
 16064 | Orc:2    | Found Luobotup's Antique Armour Shoppe.
 16065 | Orc:2    | Found Boqiratt's Magic Scroll Emporium.
 16065 | Orc:2    | Found Xaystopa's Book Shop.
 16075 | Orc:2    | Bought a scroll of fear for 56 gold pieces
 16075 | Orc:2    | Bought a scroll of blinking for 105 gold pieces
 16075 | Orc:2    | Bought a scroll of poison for 56 gold pieces
 16268 | D:12     | Glimpsed the power of Zot.
 16406 | D:13     | Received a gift from Okawaru
 16514 | D:13     | Found a gate to the Vaults.
 16535 | D:13     | Noticed Lodul
 16536 | D:13     | Killed Lodul
 16859 | D:13     | Glimpsed the power of Zot.
 16917 | D:14     | Identified the +9 quarterstaff "Newt's Bane" {flame, rPois
                  | Will+++ Str-5}
 16975 | D:14     | Identified the +9 arbalest "Ymaeg" {speed, rC+ rCorr Dex-4}
 17451 | D:14     | Glimpsed the power of Zot.
 17456 | D:15     | Entered Level 15 of the Dungeon
 18041 | D:15     | Glimpsed the power of Zot.
 18091 | D:15     | Glimpsed the power of Zot.
 18112 | D:15     | Found a staircase to the Depths.
 18127 | Depths:1 | Entered Level 1 of the Depths
 18191 | Depths:1 | Noticed a bone dragon
 18204 | Depths:1 | Found a gateway to Hell.
 18206 | Depths:1 | Killed a bone dragon
 18364 | Depths:1 | Found a one-way gate leading to the halls of Pandemonium.
 18407 | Depths:1 | Found a one-way gateway to a ziggurat.
 18540 | Depths:1 | Received a gift from Okawaru
 18562 | Depths:2 | Reached XP level 22. HP: 108/143 MP: 33/33
 18725 | Depths:2 | Found a hide-covered altar of Uskayaw.
 18977 | Depths:2 | Identified the +6 chain mail "Uggaxkiu" {rPois rC+ Dex+3}
                  | (Okawaru gifted it to you on level 2 of the Depths)
 18977 | Depths:2 | Received a gift from Okawaru
 19176 | Depths:3 | Noticed a golden dragon
 19183 | Depths:3 | Reached skill level 24 in Ranged Weapons
 19184 | Depths:3 | Killed a golden dragon
 19196 | Depths:3 | Paralysed by a floating eye for 3 turns
 19203 | Depths:4 | Entered Level 4 of the Depths
 19283 | Depths:3 | Reached skill level 25 in Ranged Weapons
 19336 | Depths:3 | Identified the +8 dagger of Income {freeze, rElec rF+
                  | Dex+3}
 19346 | Depths:3 | Identified the +3 crystal plate armour "Yfesoc" {Contam
                  | Str+3 Int+6 Dex+4} (Okawaru gifted it to you on level 3 of
                  | the Depths)
 19346 | Depths:3 | Received a gift from Okawaru
 19410 | Depths:4 | Noticed Xtahua
 19413 | Depths:4 | Killed Xtahua
 19486 | Depths:4 | Reached XP level 23. HP: 149/149 MP: 34/34
 19487 | Depths:4 | Found a one-way gate to the infinite horrors of the Abyss.
 19500 | Depths:4 | Noticed an ancient lich
 19507 | Depths:4 | Killed an ancient lich
 19508 | Depths:4 | Found a sacrificial altar of Ru.
 19508 | Depths:4 | Found a burning altar of Makhleb.
 19612 | Depths:4 | Found a gate to the Realm of Zot.
 19730 | Zot:1    | Entered Level 1 of the Realm of Zot
 19931 | Zot:4    | Acquired 732 gold pieces
 19937 | Zot:4    | Noticed a curse toe
 20001 | Zot:4    | Killed a curse toe
 20032 | Zot:5    | Entered Level 5 of the Realm of Zot
 20279 | Zot:5    | Identified the +1 pair of gloves "Tuoniuj" {Str+5 Int-4
                  | Dex+3 Slay-4}
 20482 | Zot:5    | Received a gift from Okawaru
 20640 | Zot:5    | Noticed a dread lich
 20644 | Zot:5    | Noticed an ancient lich
 20651 | Zot:5    | Killed a dread lich
 20653 | Zot:5    | Killed an ancient lich
 20666 | Zot:5    | Received a gift from Okawaru
 20683 | Zot:5    | Noticed an ancient lich
 20685 | Zot:5    | Noticed an ancient lich
 20689 | Zot:5    | Noticed an orb of fire
 20691 | Zot:5    | Killed an ancient lich
 20692 | Zot:5    | Noticed a Killer Klown
 20693 | Zot:5    | Killed an ancient lich
 20693 | Zot:5    | Noticed a dread lich
 20696 | Zot:5    | Killed an orb of fire
 20703 | Zot:5    | Killed a dread lich
 20704 | Zot:5    | Reached XP level 24. HP: 108/158 MP: 34/34
 20719 | Zot:5    | Killed a Killer Klown
 20759 | Zot:5    | Received a gift from Okawaru
 20816 | Zot:5    | Got the Orb of Zot
 21050 | Depths:4 | Noticed Figosouk the pandemonium lord
 21074 | Depths:4 | Killed Figosouk the pandemonium lord
 21107 | Depths:4 | Received a gift from Okawaru
 21197 | Depths:2 | Noticed Dizouss the pandemonium lord
 21265 | D:15     | Noticed Wycina the pandemonium lord
 21282 | D:15     | Killed Wycina the pandemonium lord
 21319 | D:14     | Noticed Vonen the pandemonium lord
 21327 | D:14     | Killed Vonen the pandemonium lord
 21823 | D:$      | Escaped with the Orb!

Illustrated notes

Levels and vault maps discovered:
D:1:      dpeg_chamrin_arrival_tetris, layout_basic, serial_shops,
          nicolae_shop_bloodbath_and_beyond
D:2:      minmay_inner_zag, layout_rooms
D:3:      layout_basic
D:4:      layout_loops_ring, elyvilon_altar_5, grunt_ministairs_6,
          skrybe_limestone_x
D:5:      layout_rooms, lemuel_crystal_altar, serial_shops, shop
D:6:      layout_gridville, lemuel_coloured_pillars_altar,
          nicolae_overflow_hidden_temple, okawaru_altar_gauntlet_db,
          ebering_ghost_sewer_d, nicolae_titane
D:7:      layout_cave_pools, minmay_temple_entry_trees, nicolae_letterblocks
          [nicolae_letter_subblock, nicolae_letter_subblock,
          nicolae_letter_subblock, nicolae_letter_subblock,
          nicolae_letter_subblock, nicolae_letter_subblock,
          nicolae_letter_subblock, nicolae_letter_subblock,
          nicolae_letter_subblock, nicolae_letter_subblock,
          nicolae_letter_subblock, nicolae_letter_subblock,
          nicolae_letter_subblock, nicolae_letter_subblock,
          nicolae_letter_subblock, nicolae_letter_subblock,
          nicolae_letter_subblock, nicolae_letter_subblock,
          nicolae_letter_subblock, nicolae_letter_subblock,
          nicolae_letter_subblock, nicolae_letter_subblock,
          nicolae_letter_subblock, nicolae_letter_subblock,
          nicolae_letter_subblock]
D:8:      layout_loops_ring, grunt_ministairs_4, nicolae_blasting_shop
D:9:      layout_irregular_city, overflow_temple_1_default,
          kennysheep_orc_monster_closet_entryway
D:10:     layout_basic, mainiacjoe_overflow_paths, lair_entry_dummy,
          hellmonk_ghost_happy_afterlife, minivault_12
D:11:     nzn_winding_woodlands_huge [nzn_winding_woodlands_5x15_pool,
          nzn_winding_woodlands_5x15_crooked,
          nzn_winding_woodlands_5x15_split_checker,
          nzn_winding_woodlands_5x15_sawtooth,
          nzn_winding_woodlands_5x15_garden,
          nzn_winding_woodlands_5x15_concentric,
          nzn_winding_woodlands_5x15_jagged, nzn_winding_woodlands_5x15_pockets,
          nzn_winding_woodlands_5x15_eye, nzn_winding_woodlands_5x15_default,
          nzn_winding_woodlands_center_garden,
          nzn_winding_woodlands_center_lodge,
          nzn_winding_woodlands_15x15_killbox], layout_basic,
          serial_bayou_lagoon_a, serial_bayou_pond_b, uniq_erica
D:12:     layout_irregular_city
D:13:     layout_long_grid, lightli_vaults_fourway_checkpoint,
          nicolae_lava_and_water, uniq_lodul
D:14:     layout_stronghold
D:15:     hangedman_depths_entry_try_elsewhere_first, layout_layer_cave,
          nrook_mini_backslash
Lair:1:   layout_long_grid, kennysheep_abandoned_house,
          infiniplex_staircase_pool
Lair:2:   layout_cave_pods, gauntlet_entry_generic, serial_bayou_ford_a
Lair:3:   layout_layer_cave, minmay_swamp_entry_reptiles,
          minmay_snake_entry_six_corridors
Lair:4:   layout_roguey, slime_entry_2
Lair:5:   cheibrodos_lair_end_hotspot, layout_regular_city, serial_bayou_pond_d
Swamp:1:  layout_basic_swamp, gammafunk_ghost_necromancy,
          infiniplex_staircase_pool_2, swamp_pool1, beargit_elvish_explorers
Swamp:2:  layout_basic_swamp, hangedman_swamp_ruin_hall,
          nicolae_swamp_feature_on_the_river_bank, uniq_roxanne
Swamp:3:  gammafunk_worm_tunnel, layout_falls_marsh, evilmike_swamp_ruin_house_3
Swamp:4:  grunt_swamp_rune_castle, layout_basic_swamp
Snake:1:  layout_misc_corridors, serial_shops, nicolae_shop_behind_doors,
          nicolae_diamond_shop, nicolae_shop_pleasant_corner_grove, basic_altar,
          nrook_loot_triangle, uniq_frances
Snake:2:  layout_cave_pods, nicolae_fountain_basement, serial_bayou_shore_a,
          uniq_aizul, uniq_vashnia
Snake:3:  layout_rooms, basic_altar, lemuel_oklob_altar
Snake:4:  grunt_snake_rune_pools, layout_cave_town, lemuel_fruit_tree
Slime:1:  cheibrodos_slime_lost_civilization_1, layout_caves
Slime:2:  layout_caves, uniq_dissolution
Slime:3:  layout_caves
Slime:4:  layout_caves
Slime:5
Orc:1:    layout_diamond_mine, mines_bat_river, uniq_sonja, uniq_urug
Orc:2:    st_orc_ogre_mass, layout_caves, basic_altar, serial_shops,
          nicolae_shop_drivethru, uniq_donald, uniq_maurice
Depths:1: layout_gridlike, enter_ziggurat_f, grunt_pan_entry_spiral,
          grunt_mini_vestibule, interstate_on_off,
          chequers_serial_rivers_room_a, makhleb_altar_promises_db
Depths:2: cross_vault, layout_small_grid, lemuel_crystal_altar, pf_coc_iceberg,
          rand_demon_pan_entry_9
Depths:3: minmay_the_grid_octo_tiled_squarecenter_mashed
          [minmay_the_grid_octo_focus, minmay_the_grid_octo_77,
          minmay_the_grid_octo_tetromino_candy, minmay_the_grid_octo_checkered,
          minmay_the_grid_square_5x5_megaprize_crossed,
          minmay_the_grid_square_5x5_six_small,
          minmay_the_grid_square_5x5_hourglass,
          minmay_the_grid_square_5x5_gyroscope,
          minmay_the_grid_square_5x5_two_walls_b], layout_cave_pools,
          ebering_ghost_gozag, hangedman_abyss_entry_splay, serial_glass,
          glass_columns_b, glass_columns_a, rand_demon_pan_entry_3, hell_entry,
          uniq_mara
Depths:4: hangedman_slaughterboxes, hell_entry, abyss_entry, uniq_xtahua
Zot:1:    gammafunk_its_a_trap, layout_concentric_octagons, uniq_parghit
Zot:2:    layout_concentric_octagons
Zot:3:    layout_gridlike, grunt_ministairs_8
Zot:4:    hangedman_orp_of_zott, layout_misc_corridors
Zot:5:    layout_gridlike

Skill      XL: |  1  2  3  4  5  6  7  8  9 10 11 12 13 14 15 16 17 18 19 20 21 22 23 24 |
---------------+-------------------------------------------------------------------------+-----
Stealth        | 1 |  1.0
Fighting       | 3 7 10 11 13 18 20 | 20.6
Ranged Weapons | 5 6 7 8 10 12 14 16 17 18 21 23 25 | 25.5
Armour         | 1 2 4 5 7 9 12 14 15 17 19 21 | 21.0
Invocations    | 5 10 13 | 13.9
Dodging        | 7 10 12 14 15 16 19 20 | 20.7
Evocations     | 1 7 10 11 | 11.1

Action                     |  1- 3 |  4- 6 |  7- 9 | 10-12 | 13-15 | 16-18 | 19-21 | 22-24 || total
---------------------------+-------+-------+-------+-------+-------+-------+-------+-------++-------
   Fire: Shortbow          |    60 |   143 |   126 |       |     1 |       |       |       ||   330
         Arbalest          |       |       |   129 |   208 |   602 |   777 |       |       ||  1716
         Orcbow            |       |       |    14 |       |       |       |       |       ||    14
         Triple crossbow   |       |       |       |       |       |    20 |   803 |   547 ||  1370
  Throw: Throwing net      |       |       |       |       |       |     2 |     1 |       ||     3
 Invoke: Heroism           |       |       |     1 |       |     5 |    10 |     6 |     8 ||    30
         Finesse           |       |       |       |       |     4 |     6 |     6 |     6 ||    22
         Duel              |       |       |       |       |       |     1 |     2 |       ||     3
  Evoke: Wand              |       |     2 |       |    20 |     2 |     8 |     3 |       ||    35
    Use: Potion            |       |     4 |     3 |     1 |       |     8 |     2 |     5 ||    23
         Scroll            |       |       |    14 |     6 |     6 |     9 |    13 |    12 ||    60
 Armour: Leather armour    |    16 |     2 |       |       |       |       |       |       ||    18
         Ring mail         |       |    47 |   167 |    41 |   321 |   287 |   126 |    81 ||  1070
         Chain mail        |       |       |       |    62 |       |       |       |       ||    62
         Skin              |       |       |       |       |       |     1 |       |       ||     1
  Dodge: Dodged            |    17 |    53 |   151 |    70 |   413 |   739 |   758 |   384 ||  2585
         Repelled          |       |       |       |     1 |       |       |       |       ||     1

Table legend: (Time is in decaauts)
 A = Elapsed time spent in this place.
 B = Non-inter-level travel time spent in this place.
 C = Inter-level travel time spent in this place.
 D = Time resting spent in this place.
 E = Time spent auto-exploring this place.
 F = Levels seen in this place.
 G = Mean time per level.
                   A        B        C        D        E       F      G
               +--------+--------+--------+--------+--------+-----+--------+
         Total |  22287 |  20389 |   1898 |    616 |  10572 |  48 |  464.3 |
       Dungeon |   9774 |   8820 |    954 |    433 |   4826 |  15 |  651.6 |
          Lair |   3025 |   2755 |    270 |     21 |   1661 |   5 |  605.0 |
         Swamp |   2125 |   2032 |     93 |     19 |    543 |   4 |  531.2 |
     Snake Pit |   2381 |   2264 |    117 |      0 |   1312 |   4 |  595.2 |
    Slime Pits |    777 |    709 |     68 |      0 |    382 |   5 |  155.4 |
  Orcish Mines |    804 |    788 |     16 |      0 |    535 |   2 |  402.0 |
        Depths |   1825 |   1599 |    226 |      3 |    967 |   4 |  456.2 |
           Zot |   1229 |   1079 |    150 |    127 |    344 |   5 |  245.8 |
      Gauntlet |    291 |    291 |      0 |     13 |      0 |   1 |  291.0 |
         Arena |     52 |     52 |      0 |      0 |      0 |   3 |   17.3 |
               +--------+--------+--------+--------+--------+-----+--------+

Top non-repeatable levels by time:
    D:11: 1037 daAuts
 Snake:4: 851 daAuts
     D:6: 851 daAuts
   Zot:5: 812 daAuts
  Lair:3: 792 daAuts
     D:3: 764 daAuts
    D:15: 746 daAuts
    D:10: 743 daAuts
  Lair:4: 716 daAuts
     D:9: 686 daAuts
 Slime:5: 655 daAuts
     D:1: 645 daAuts
   Orc:2: 643 daAuts
Depths:2: 633 daAuts
    D:13: 624 daAuts
